 Dungeon Crawl Stone Soup version 0.30.0-5-g1a98f26d00 (webtiles) character file.

Game seed: 17802507524704472143

88 Darkkill the Shooter (level 4, -3/38 HPs)
             Began as a Minotaur Hunter on May 10, 2023.
             Slain by a gnoll
             ... wielding a +0 spear
              (8 damage)
             ... on level 3 of the Dungeon on May 12, 2023.
             The game lasted 00:03:19 (1619 turns).

Darkkill the Shooter (Minotaur Hunter)              Turns: 1619, Time: 00:03:20

Health: -3/38      AC:  3    Str: 15    XL:     4   Next: 29%
Magic:  3/3        EV: 12    Int:  6    God:
Gold:   138        SH:  0    Dex: 16    Spells: 3/3 levels left

rFire   . . .        a - +0 shortbow
rCold   . . .        (shield currently unavailable)
rNeg    . . .        c - +0 leather armour
rPois   .            (helmet restricted)
rElec   .            (no cloak)
rCorr   .            (no gloves)
SInv    .            (no boots)
Will    .....        (no amulet)
Stlth   ++           (no ring)
HPRegen 0.26/turn    (no ring)
MPRegen 0.08/turn

%: no passive effects
@: no status effects
A: horns 2, retaliatory headbutt
a: no special abilities


You were on level 3 of the Dungeon.
You visited 1 branch of the dungeon, and saw 3 of its levels.

You collected 138 gold pieces.

Inventory:

Hand Weapons
 a - a +0 shortbow (weapon)
Missiles
 e - 35 stones
 h - 3 atropa-tipped darts
 m - 6 datura-tipped darts
Armour
 c - a +0 leather armour (worn)
Wands
 k - a wand of flame (11)
Scrolls
 b - a scroll of immolation
 f - 3 scrolls of identify {@r1}
Potions
 d - a potion of berserk rage
 g - 2 potions of attraction
 i - a potion of haste


   Skills:
 + Level 3.4 Fighting
 + Level 5.0 Ranged Weapons
 + Level 3.1 Dodging
 + Level 1.9 Stealth


You had 3 spell levels left.
You didn't know any spells.
Your spell library was empty.

Dungeon Overview and Level Annotations

Branches:
Dungeon (3/15)

Altars:

Shops:
D:2 (


Innate Abilities, Weirdness & Mutations

You have a pair of horns on your head.
You reflexively headbutt those who attack you in melee.


Message History

As you read the scroll labelled BAONGULEGYV, it crumbles to dust.
You feel strangely unstable.
It was a scroll of teleportation.
As you read the scroll of identify {@r1}, it crumbles to dust.
d - a potion of berserk rage Your surroundings suddenly seem different.
There is a stone staircase leading down here.
You climb downwards.
There is a stone staircase leading up here.
No target in view!
You open the door.
Found a mace.
There is an open door here.
You open the door.
A giant cockroach comes into view.
You shoot an arrow. The arrow hits the giant cockroach!
You kill the giant cockroach!
You have reached level 4!
You feel agile.
There is an open door here.
You see here a giant cockroach corpse.
A frilled lizard comes into view.
You shoot an arrow. The arrow hits the frilled lizard.
You kill the frilled lizard!
You now have 138 gold pieces (gained 14).
You open the door.
There is an open door here.
A gnoll comes into view. It is wielding a +0 club.
You shoot an arrow. The gnoll shouts!
The arrow hits the gnoll!
The gnoll is almost dead.
You hear a shout!
A gnoll is nearby!
You shoot an arrow. The arrow hits the gnoll.
You kill the gnoll!
No target in view!
A gnoll comes into view. It is wielding a +0 halberd.
The gnoll shouts!
You hear a shout!
You shoot an arrow. The arrow hits the gnoll.
The gnoll is moderately wounded.
A gnoll is nearby!
You shoot an arrow.
The arrow hits the gnoll but does no damage.
The gnoll is moderately wounded.
A gnoll is nearby!
A gnoll is nearby!
You shoot an arrow. The arrow hits the gnoll.
The gnoll is severely wounded.
A gnoll comes into view. It is wielding a +0 spear.
You shoot an arrow.
The arrow hits the gnoll but does no damage.
The gnoll is severely wounded.
The gnoll hits you from afar with a +0 halberd!
There are monsters nearby!
There are monsters nearby!
You shoot an arrow.
The arrow hits the gnoll but does no damage.
The gnoll is severely wounded.
The gnoll barely misses you.
You shoot an arrow. The arrow completely misses the gnoll.
The arrow hits the gnoll but does no damage.
The gnoll completely misses you.
There are monsters nearby!
You shoot an arrow. The arrow hits the gnoll.
The gnoll is severely wounded.
The gnoll closely misses you.
The gnoll hits you from afar with a +0 spear!
The gnoll hits you from afar with a +0 halberd.
There are monsters nearby!
You are too injured to fight recklessly!
There are monsters nearby!
You are too injured to fight recklessly!
Aiming: Throw Flame
Press: ? - help, Q - select action, (/) - cycle Shift-Dir - straight line, f/p - gnoll
Aim: a gnoll, wielding a +0 halberd (severely wounded, 72% to hit)
The puff of flame misses the gnoll.
The gnoll barely misses you.
The gnoll hits you from afar with a +0 halberd!
* * * LOW HITPOINT WARNING * * *
Aiming: Throw Flame
Press: ? - help, Q - select action, (/) - cycle Shift-Dir - straight line, f/p - gnoll
Aim: a gnoll, wielding a +0 halberd (severely wounded, 72% to hit)
The puff of flame hits the gnoll.
You kill the gnoll!
The gnoll closely misses you.
Your Ranged Weapons skill increases to level 5!
Aiming: Throw Flame
Press: ? - help, Q - select action, (/) - cycle Shift-Dir - straight line, f - gnoll
Aim: a gnoll, wielding a +0 spear (72% to hit)
The puff of flame hits the gnoll.
The gnoll is moderately wounded.
The gnoll hits you from afar with a +0 spear.
* * * LOW HITPOINT WARNING * * *
Aiming: Throw Flame
Press: ? - help, Q - select action, (/) - cycle Shift-Dir - straight line, f/p - gnoll
Aim: a gnoll, wielding a +0 spear (moderately wounded, 72% to hit)
The puff of flame hits the gnoll.
The gnoll is severely wounded.
The gnoll hits you from afar with a +0 spear!
You die...

... ## #'# .. #)#
#.##.# .. ..#.## #...
...)g #...# #.#.#
#....#######.#@#
#............#.###.#.
#.....................
#.....................
#...........#.........
###....#####.........
####....'......###.#..
#.......#####.## .# .
#.......# #.# #


You could see a gnoll.

Vanquished Creatures
  2 gnolls (D:3)
  An adder (D:2)
  4 worms (D:2)
  2 dart slugs
  6 bats
  3 endoplasms (D:1)
  3 giant cockroaches
  2 hobgoblins
  5 kobolds
  4 quokkas
  5 ball pythons
  4 frilled lizards
  A goblin (D:1)
  6 rats
48 creatures vanquished.

Notes
Turn   | Place    | Note
-------+----------+-------------------------------------------
     0 | D:1      | Darkkill the Minotaur Hunter began the quest for the Orb.
     0 | D:1      | Reached XP level 1. HP: 18/18 MP: 0/0
    43 | D:1      | Reached skill level 1 in Stealth
   146 | D:1      | Reached XP level 2. HP: 25/25 MP: 1/1
   831 | D:2      | Reached XP level 3. HP: 30/30 MP: 2/2
  1168 | D:2      | Found Qoetur's Antique Weapon Boutique.
  1581 | D:3      | Reached XP level 4. HP: 38/38 MP: 3/3
  1618 | D:3      | Reached skill level 5 in Ranged Weapons
  1618 | D:3      | HP: 5/38 [gnoll/+0 spear (4)]
  1619 | D:3      | Slain by a gnoll

Illustrated notes

Levels and vault maps discovered:
D:1:      dpeg_arrival_another_circle, layout_basic, dreamdust_princess_corridor
D:2:      layout_basic, serial_corexii_hall, corexii_hall_statues_l,
          chequers_hall_statues_corner_a, corexii_hall_statues_i,
          chequers_hall_statues_y, chequers_hall_statues_wall_a,
          chequers_hall_statues_corner_a, serial_shops,
          nicolae_shop_behind_doors
D:3:      layout_basic, hangedman_abyss_or_decor_lesser_grid

Skill      XL: |  1  2  3  4 |
---------------+-------------+-----
Stealth        | 1 |  1.9
Fighting       | 3 |  3.4
Dodging        | 3 |  3.1
Ranged Weapons | 5 |  5.0

Action                     |  1- 3 |  4- 6 || total
---------------------------+-------+-------++-------
   Fire: Shortbow          |   104 |    10 ||   114
  Evoke: Wand              |       |     4 ||     4
    Use: Scroll            |     6 |       ||     6
 Armour: Leather armour    |     3 |       ||     3
  Dodge: Dodged            |     7 |     5 ||    12

Levels and vault maps discovered:
D:1:      dpeg_arrival_another_circle, layout_basic, dreamdust_princess_corridor
D:2:      layout_basic, serial_corexii_hall, corexii_hall_statues_l,
          chequers_hall_statues_corner_a, corexii_hall_statues_i,
          chequers_hall_statues_y, chequers_hall_statues_wall_a,
          chequers_hall_statues_corner_a, serial_shops,
          nicolae_shop_behind_doors
D:3:      layout_basic, hangedman_abyss_or_decor_lesser_grid

Table legend: (Time is in decaauts)
 A = Elapsed time spent in this place.
 B = Non-inter-level travel time spent in this place.
 C = Inter-level travel time spent in this place.
 D = Time resting spent in this place.
 E = Time spent auto-exploring this place.
 F = Levels seen in this place.
 G = Mean time per level.
                   A        B        C        D        E       F      G
               +--------+--------+--------+--------+--------+-----+--------+
         Total |   1653 |   1634 |     19 |      0 |   1381 |   3 |  551.0 |
       Dungeon |   1653 |   1634 |     19 |      0 |   1381 |   3 |  551.0 |
               +--------+--------+--------+--------+--------+-----+--------+

Top non-repeatable levels by time:
     D:2: 799 daAuts
     D:1: 785 daAuts
     D:3: 67 daAuts

Table legend:
 A = Kills in this place as a percentage of kills in the entire game.
 B = Kills by you in this place as a percentage of kills by you in the entire game.
 C = Kills by friends in this place as a percentage of kills by friends in the entire game.
 D = Other kills in this place as a percentage of other kills in the entire game.
 E = Experience gained in this place as a percentage of experience gained in the entire game.
 F = Experience gained in this place divided by the number of levels of this place that you have seen.
                   A       B       C       D       E      F
               +-------+-------+-------+-------+-------+----------------------
         Total | 100.0 | 100.0 |   N/A |   N/A | 100.0 |  42.0
       Dungeon | 100.0 | 100.0 |   N/A |   N/A | 100.0 |  42.0
               +-------+-------+-------+-------+-------+----------------------
